 Dungeon Crawl Stone Soup version 0.27-a0-346-ga689d4a613 (webtiles) character file.

Game seed: 9704771936405008276

20 sahdkjhfkaj the Sneak (level 2, -1/21 HPs)
             Began as an Octopode Monk on Feb 15, 2021.
             Slain by a kobold
             ... wielding a +0 dagger
              (5 damage)
             ... on level 1 of the Dungeon.
             The game lasted 00:00:33 (221 turns).

sahdkjhfkaj the Sneak (Octopode Monk)                Turns: 221, Time: 00:00:33

Health: -1/21      AC:  1    Str: 10    XL:     2   Next: 79%
Magic:  2/2        EV: 14    Int: 12    God:
Gold:   13         SH:  0    Dex: 14    Spells: 1/1 levels left

rFire    . . .     SeeInvis .   a - +0 spear
rCold    . . .     Faith    .   (no shield)
rNeg     . . .     Spirit   .   (helmet restricted)
rPois    .         Reflect  .   (no amulet)
rElec    .         Harm     .   (no ring)
rCorr    .         Rampage  .   (no ring)
Will     .....                  (no ring)
Stlth    ++++......             (no ring)
HPRegen  0.07/turn              (no ring)
MPRegen  0.08/turn              (no ring)
                                (no ring)
                                (no ring)

@: no status effects
A: almost no armour, stealthy swim, amphibious, 8 rings, constrict 8, camouflage
1, gelatinous body 1
a: no special abilities


You were on level 1 of the Dungeon.
You visited 1 branch of the dungeon, and saw 1 of its levels.

You collected 13 gold pieces.

Inventory:

Hand Weapons
 a - a +0 spear (weapon)
Scrolls
 b - a scroll of magic mapping {unknown}
 c - a scroll of identify {unknown}
 d - a scroll of teleportation {unknown}


   Skills:
 - Level 3.0 Fighting
 - Level 3.0 Polearms
 - Level 3.0 Dodging
 + Level 4.6 Stealth


You had one spell level left.
You didn't know any spells.
Your spell library was empty.

Dungeon Overview and Level Annotations

Branches:
Dungeon (1/15)

Altars:


Innate Abilities, Weirdness & Mutations

You cannot wear most types of armour.
You are very stealthy in the water. (Stealth+)
You are amphibious.
You can wear up to eight rings at the same time.
You can use your tentacles to constrict eight enemies at once.
Your skin changes colour to match your surroundings (Stealth+).
Your rubbery body absorbs attacks. (AC +1, EV +1)


Message History

You kill the bat!
The frilled lizard bites you but does no damage.
You closely miss the frilled lizard. You grab the frilled lizard.
You constrict the frilled lizard. The frilled lizard closely misses you.
A hobgoblin comes into view.
The kobold hits you with a +0 dagger.
You completely miss the frilled lizard. You constrict the frilled lizard.
You kill the frilled lizard!
The frilled lizard bites you.
You barely miss the kobold.
The hobgoblin shouts!
Your grab misses the kobold. The kobold barely misses you.
You barely miss the kobold. Your grab misses the kobold.
The frilled lizard bites you.
* * * LOW HITPOINT WARNING * * *
The kobold hits you but does no damage. The kobold barely misses you.
Unknown command.
You hit the frilled lizard but do no damage.
Your grab misses the frilled lizard. The kobold hits you with a +0 dagger.
* * * LOW HITPOINT WARNING * * *
The frilled lizard barely misses you. The kobold barely misses you.
Unknown command.
Unknown command.
The frilled lizard bites you.
* * * LOW HITPOINT WARNING * * *
The hobgoblin completely misses you.
You hit the hobgoblin but do no damage. You grab the hobgoblin.
You constrict the hobgoblin.
The hobgoblin hits you but does no damage.
You hit the hobgoblin. You constrict the hobgoblin.
You kill the hobgoblin!
Reach: a) +0 spear
Aim: a kobold, wielding a +0 dagger (about 44% to evade your +0 spear)
The frilled lizard is in the way.
You hit the frilled lizard.
You kill the frilled lizard!
Reach: a) +0 spear
Aim: a kobold, wielding a +0 dagger (about 44% to evade your +0 spear)
You hit the kobold. You grab the kobold.
You constrict the kobold, but do no damage.
The kobold barely misses you.
Reach: a) +0 spear
Aim: a kobold, wielding a +0 dagger (heavily wounded, constricted by you, about 13% to evade your +0 spear)
You hit the kobold but do no damage. Your squeeze misses the kobold.
You constrict the kobold.
You kill the kobold!
Reach: a) +0 spear
Aim: a kobold, wielding a +0 dagger and quivering stones (about 44% to evade your +0 spear)
You barely miss the kobold. You grab the kobold. You constrict the kobold.
The kobold hits you with a +0 dagger.
You die...

#..... ...## ###....##.....
.......#..# ## ###.........###.
...[..(.... .# ....##..........
..#..#... >##
##.[##..†........####..#..####...
............................#....
..............## #..............
............)P#####........).†...
P...........P≈#.@K...............
≈P.........P≈≈#.###.........†....
≈≈P.......P≈≈≈#..................
≈≈≈P.....P≈≈≈≈#..#.#.............
≈≈≈≈P.<.P≈≈≈≈≈#....#....†..###...
≈≈≈P.....P≈≈≈≈#...#......####....
≈≈P.......P≈≈≈#.................#
≈P.........P≈≈#..............##..
P...........P≈#............### .


You could see a kobold.

Vanquished Creatures
  2 dart slugs (D:1)
  A leopard gecko (D:1)
  A giant cockroach (D:1)
  A goblin (D:1)
  2 hobgoblins (D:1)
  2 kobolds (D:1)
  2 bats (D:1)
  3 frilled lizards (D:1)
  A rat (D:1)
15 creatures vanquished.

Notes
Turn   | Place    | Note
-------+----------+-------------------------------------------
     0 | D:1      | sahdkjhfkaj the Octopode Monk began the quest for the Orb.
     0 | D:1      | Reached XP level 1. HP: 16/16 MP: 1/1
    13 | D:1      | Reached skill level 3 in Stealth
    97 | D:1      | Reached XP level 2. HP: 21/21 MP: 2/2
   159 | D:1      | Reached skill level 4 in Stealth
   221 | D:1      | Slain by a kobold

Illustrated notes

Levels and vault maps discovered:
D:1:      eino_arrival_druids_welcome, layout_rooms

Skill      XL: |  1  2 |
---------------+-------+-----
Stealth        | 3 4 |  4.6
Fighting       | |  3.0
Polearms       | |  3.0
Dodging        | |  3.0

Action                   || total
-------------------------++-------
Melee: Spear             ||    36
       Tentacles         ||     4
       Constrict         ||     9
 Stab: Sleeping          ||     5
Armor: Skin              ||     5
Dodge: Dodged            ||    20

Table legend: (Time is in decaauts)
 A = Elapsed time spent in this place.
 B = Non-inter-level travel time spent in this place.
 C = Inter-level travel time spent in this place.
 D = Time resting spent in this place.
 E = Time spent auto-exploring this place.
 F = Levels seen in this place.
 G = Mean time per level.
                   A        B        C        D        E       F      G
               +--------+--------+--------+--------+--------+-----+--------+
         Total |    219 |    219 |      0 |      0 |    138 |   1 |  219.0 |
       Dungeon |    219 |    219 |      0 |      0 |    138 |   1 |  219.0 |
               +--------+--------+--------+--------+--------+-----+--------+

Top non-repeatable levels by time:
     D:1: 219 daAuts
